 Dungeon Crawl Stone Soup version 0.30-a0-561-g1b0378597e (webtiles) character file.

Game seed: 17700195137154868197

25209 HessuHobo the Blocker (level 13, -8/104 HPs)
             Began as a Gnoll Fighter on Dec 28, 2022.
             Was a Priest of the Shining One.
             Mangled by an eight-headed hydra (11 damage)
             ... on level 3 of the Lair of Beasts.
             The game lasted 00:26:34 (13439 turns).

HessuHobo the Blocker (Gnoll Fighter)              Turns: 13439, Time: 00:26:34

Health: -8/104     AC: 18    Str: 20    XL:     13   Next: 18%
Magic:  20/25      EV:  9    Int:  6    God:    the Shining One [***...]
Gold:   481        SH:  7    Dex: 16    Spells: 27/28 levels left

rFire   . . .      SeeInvis .    o - +4 club (spect)
rCold   + . .      Faith    +    c - +0 buckler
rNeg    + + .      Spirit   .    f - +1 plate armour of Lies {+Blink rC+ Regen+}
rPois   .          Reflect  .    y - +0 helmet
rElec   +          Harm     .    O - scarf {repulsion}
rCorr   .          Rampage  .    (no gloves)
Will    +....                    P - +0 pair of boots Stlth
                                 n - amulet of faith
HPRegen 1.17/turn                G - ring of positive energy
MPRegen 0.19/turn                E - ring of willpower

@: glowing, repel missiles
A: fangs 1, strong nose, distributed training, agile 1, electricity resistance
a: Renounce Religion, Evoke Blink, Divine Shield, Cleansing Flame


You were on level 3 of the Lair of Beasts.
You worshipped the Shining One.
The Shining One was most pleased with you.
You visited 3 branches of the dungeon, and saw 14 of its levels.

You collected 746 gold pieces.
You spent 265 gold pieces at shops.

Inventory:

Hand Weapons
 a - a +0 war axe
 o - a +4 spectral club (weapon)
 q - a +0 shortbow
 K - the +7 long sword "Veroanoy" {venom, rPois Str+5}
   (You bought it in a shop on level 8 of the Dungeon)

   It poisons the flesh of those it strikes.
   Str:       It affects your strength (+5).
   rPois:     It protects you from poison.
Missiles
 m - 124 stones (quivered)
 D - 14 poisoned darts
 S - 9 curare-tipped darts
Armour
 b - a +0 scale mail
 c - a +0 buckler (worn)
 f - the +1 plate armour of Lies (worn) {+Blink rC+ Regen+}
   (You found it on level 2 of the Dungeon)

   rC:        It protects you from cold.
   +Blink:    It lets you blink.
   Regen:     It increases your rate of health regeneration.
 w - a +0 cloak
 y - a +0 helmet (worn)
 O - a scarf of repulsion (worn)
 P - a +0 pair of boots (worn)
 R - +0 steam dragon scales
 T - +0 swamp dragon scales
Jewellery
 n - an amulet of faith (around neck)
 B - a ring of ice
 E - a ring of willpower (right hand)
 G - a ring of positive energy (left hand)
Wands
 d - a wand of flame (16)
 r - a wand of digging (2)
 L - a wand of mindburst (27)
 M - a wand of roots (9)
 N - a wand of light (6)
Scrolls
 h - 2 scrolls of teleportation
 i - 4 scrolls of enchant weapon
 j - 4 scrolls of fog
 k - a scroll of acquirement {unknown}
 l - 2 scrolls of magic mapping
 t - 2 scrolls of summoning
 v - a scroll of enchant armour
 x - 3 scrolls of immolation
 A - 2 scrolls of torment
 C - 2 scrolls of poison
 F - 8 scrolls of identify
 I - a scroll of amnesia
 Q - a scroll of brand weapon {unknown}
 W - a scroll of noise {unknown}
Potions
 e - 9 potions of curing
 p - 5 potions of flight
 s - 5 potions of mutation
 u - 2 potions of brilliance
 z - a potion of degeneration
 H - a potion of cancellation
 J - 3 potions of attraction
 U - a potion of haste
Miscellaneous
 V - a box of beasts


   Skills:
 + Level 10.6 Fighting
 + Level 8.3 Short Blades
 + Level 8.3 Long Blades
 + Level 9.6 Axes
 + Level 8.3 Maces & Flails
 + Level 8.3 Polearms
 + Level 8.3 Staves
 + Level 8.3 Ranged Weapons
 + Level 8.3 Throwing
 + Level 10.6 Armour
 + Level 8.3 Dodging
 + Level 8.3 Stealth
 + Level 10.6 Shields
 + Level 8.3 Unarmed Combat
 + Level 8.3 Spellcasting
 + Level 6.9 Conjurations
 + Level 6.9 Hexes
 + Level 6.9 Summonings
 + Level 6.9 Necromancy
 + Level 6.9 Translocations
 + Level 6.9 Transmutations
 + Level 6.9 Fire Magic
 + Level 6.9 Ice Magic
 + Level 6.9 Air Magic
 + Level 6.9 Earth Magic
 + Level 6.9 Poison Magic
 + Level 9.1 Invocations
 + Level 8.3 Evocations


You had 27 spell levels left.
You knew the following spells:

 Your Spells              Type           Power      Damage    Failure   Level
a - Apportation           Tloc           20%        N/A       24%         1

Your spell library contained the following spells:

 Spells                   Type           Power      Damage    Failure   Level
 Magic Dart               Conj           40%        1d5       24%         1
 Necrotise                Necr           40%        1d6       24%         1
 Shock                    Conj/Air       40%        1d5       24%         1
 Summon Small Mammal      Summ           40%        N/A       24%         1
 Searing Ray              Conj           20%        2d5       36%         2
 Frozen Ramparts          Ice            20%        1d4       58%         3
 Inner Flame              Hex/Fire       10%        N/A       58%         3
 Portal Projectile        Hex/Tloc       20%        N/A       58%         3
 Summon Guardian Golem    Hex/Summ       10%        N/A       58%         3
 Swiftness                Air            10%        N/A       58%         3
 Tukima's Dance           Hex            10%        N/A       58%         3
 Airstrike                Air            5%         2d(1-17)  94%         4
 Cause Fear               Hex            5%         N/A       94%         4
 Fulminant Prism          Conj/Hex       5%         3d6       94%         4
 Ice Form                 Ice/Tmut       10%        N/A       94%         4
 Summon Ice Beast         Ice/Summ       10%        N/A       94%         4
 Blade Hands              Tmut           5%         N/A       100%        5
 Orb of Destruction       Conj           5%         9d5       100%        7
 Spellforged Servitor     Conj/Summ      5%         N/A       100%        7
 Discord                  Hex            5%         N/A       100%        8


Dungeon Overview and Level Annotations

Branches:
Dungeon (10/15)            Temple (1/1) D:6            Lair (3/5) D:9
  Snake (0/4) Lair:3
  Swamp: Lair:2-3    Shoals: Lair:2-3       Orc: D:9-12

Altars:
Ashenzari
Cheibriados
Dithmenos
Elyvilon
Fedhas
Gozag
Hepliaklqana
Kikubaaqudgha
Makhleb
Nemelex Xobeh
Okawaru
Qazlal
Ru
Sif Muna
Trog
Uskayaw
Vehumet
Wu Jian
Xom
Yredelemnul
Zin
The Shining One

Shops:
D:8 (**(

Annotations:
D:5 1 runed translucent door, exclusion: door, Prqq's ghost, novice MeFi
D:8 exclusion: downstairs
Lair:1 3 runed translucent doors, bosakos's ghost, journeyman DEFE


Innate Abilities, Weirdness & Mutations

You have very sharp teeth.
Your uncanny sense of smell can sniff out nearby items.
Your experience applies equally to all skills.
You are agile. (Dex +4, Str/Int -1)
You are resistant to electric shocks. (rElec)


Message History

The eight-headed hydra bites you but does no damage.
The eight-headed hydra closely misses you.
The eight-headed hydra barely misses you.
The eight-headed hydra bites you.
The eight-headed hydra attacks as you move away!
The eight-headed hydra bites you.
* * * LOW HITPOINT WARNING * * *
The eight-headed hydra bites you!
* * * LOW HITPOINT WARNING * * *
You block the eight-headed hydra's attack.
The eight-headed hydra bites you!
* * * LOW HITPOINT WARNING * * *
You block the eight-headed hydra's attack.
The eight-headed hydra barely misses you.
You block the eight-headed hydra's attack.
The eight-headed hydra closely misses you.
The naga spits poison at you.
The splash of poison is repelled.
You feel better. The eight-headed hydra bites you.
* * * LOW HITPOINT WARNING * * *
The eight-headed hydra bites you.
* * * LOW HITPOINT WARNING * * *
The eight-headed hydra closely misses you.
The eight-headed hydra bites you.
* * * LOW HITPOINT WARNING * * *
You block the eight-headed hydra's attack.
The eight-headed hydra bites you but does no damage.
The eight-headed hydra completely misses you.
You block the eight-headed hydra's attack.
Okay, then.
Okay, then.
Activating: Cleansing Flame (13% risk of failure)
Press: ? - help, Dir - look around, f - activate The golden flame engulfs you but does no damage.
You resist.
The golden flame engulfs the eight-headed hydra!
The eight-headed hydra is severely wounded.
You hear an angry growl.
You hear an angry hiss.
The eight-headed hydra bites you!
You die...

....#............#.
...#............r#
..........#FN.r.# .# ##
#.##......##.r§r##
...#.+#.##......####.F.#
....>....................####..
h.............................
.......#......................
..... #.....@D..†.......r...r
#...###......................
#....###.+...#..<...#.#.#####
#N...###..#.###.....###r.
#...##P.+#.# #.N....#...
###....##....# #.....##...
#....h###....# #.......... .∆
##....# #'#.## #......P... ..
##...# #.### ##.....#...#


You could see an eight-headed hydra and a naga.

Vanquished Creatures
  Erolcha (D:9)
  5 hydras (Lair:2)
  A two-headed ogre (D:10)
  5 death yaks
  Sonja (D:10)
  5 black mambas
  Joseph (D:9)
  An unseen horror (D:10)
  8 cane toads
  3 komodo dragons
  3 rime drakes (Lair:2)
  Maggie (Lair:2)
  A kobold demonologist (D:8)
  2 trolls
  A polar bear (Lair:2)
  3 hornets
  6 blink frogs
  7 dream sheep (Lair:2)
  A basilisk (Lair:2)
  Eustachio (D:5)
  2 wyverns
  5 yaks
  A steam dragon (D:10)
  3 wargs
  9 water moccasins
  Duvessa (D:5)
  2 orc warriors
  A sky beast (D:6)
  4 black bears
  2 ogres
  3 ice beasts
  7 wolves
  A centaur (D:7)
  2 phantoms
  13 bullfrogs
  Blork the orc (D:5)
  5 scorpions
  2 necrophages
  Dowan (D:5)
  3 howler monkeys
  3 electric eels (Lair:2)
  Crazy Yiuf (D:3)
  7 hounds
  A jelly (D:5)
  10 orc priests
  A gnoll bouda (Lair:3)
  Jessica (D:2)
  Ijyb (D:5)
  5 orc wizards
  5 iguanas
  A hell rat (Lair:3)
  8 adders
  5 river rats (D:5)
  3 white imps
  An ufetubus (D:7)
  6 worms
  A dart slug (D:4)
  27 orcs
  4 bats
  6 endoplasms
  4 giant cockroaches
  12 goblins
  4 hobgoblins
  3 quokkas
  5 ball pythons
  2 frilled lizards
  3 kobolds
  7 rats
262 creatures vanquished.

Vanquished Creatures (others)
  An orc (D:5)
  A bush (Lair:1)
  13 fungi
  32 plants
47 creatures vanquished.

Grand Total: 309 creatures vanquished

Notes
Turn   | Place    | Note
-------+----------+-------------------------------------------
     0 | D:1      | HessuHobo the Gnoll Fighter began the quest for the Orb.
     0 | D:1      | Reached XP level 1. HP: 23/23 MP: 1/1
   220 | D:1      | Reached XP level 2. HP: 29/29 MP: 2/2
   730 | D:2      | Reached XP level 3. HP: 34/35 MP: 3/3
   736 | D:2      | Identified the +1 plate armour of Lies {+Blink rC+ Regen+}
   773 | D:2      | Noticed Jessica
   785 | D:2      | Killed Jessica
   786 | D:2      | Reached skill level 1 in Short Blades
   786 | D:2      | Reached skill level 1 in Long Blades
   786 | D:2      | Reached skill level 1 in Maces & Flails
   786 | D:2      | Reached skill level 1 in Polearms
   786 | D:2      | Reached skill level 1 in Staves
   786 | D:2      | Reached skill level 1 in Ranged Weapons
   786 | D:2      | Reached skill level 1 in Throwing
   786 | D:2      | Reached skill level 1 in Dodging
   786 | D:2      | Reached skill level 1 in Stealth
   786 | D:2      | Reached skill level 1 in Unarmed Combat
   786 | D:2      | Reached skill level 1 in Spellcasting
   786 | D:2      | Reached skill level 1 in Invocations
   786 | D:2      | Reached skill level 1 in Evocations
   856 | D:2      | Reached XP level 4. HP: 41/41 MP: 5/5
  1123 | D:2      | Found a broken altar of Ashenzari.
  1136 | D:2      | Reached skill level 1 in Conjurations
  1136 | D:2      | Reached skill level 1 in Hexes
  1136 | D:2      | Reached skill level 1 in Summonings
  1136 | D:2      | Reached skill level 1 in Necromancy
  1136 | D:2      | Reached skill level 1 in Translocations
  1136 | D:2      | Reached skill level 1 in Transmutations
  1136 | D:2      | Reached skill level 1 in Fire Magic
  1136 | D:2      | Reached skill level 1 in Ice Magic
  1136 | D:2      | Reached skill level 1 in Air Magic
  1136 | D:2      | Reached skill level 1 in Earth Magic
  1136 | D:2      | Reached skill level 1 in Poison Magic
  1612 | D:3      | Reached XP level 5. HP: 43/47 MP: 5/7
  1768 | D:3      | Found a faded altar of an unknown god.
  1773 | D:3      | Found a snail-covered altar of Cheibriados.
  1902 | D:3      | Found a runed translucent door.
  1903 | D:3      | Noticed Crazy Yiuf
  2336 | D:3      | Killed Crazy Yiuf
  2386 | D:4      | Reached XP level 6. HP: 53/53 MP: 8/8
  2494 | D:4      | Reached skill level 5 in Axes
  2911 | D:5      | Entered Level 5 of the Dungeon
  2912 | D:5      | Found an ornate altar of the Wu Jian Council.
  2926 | D:5      | Reached XP level 7. HP: 59/60 MP: 10/10
  2938 | D:5      | Noticed Blork the orc
  2943 | D:5      | Noticed Duvessa
  2943 | D:5      | Noticed Ijyb
  2950 | D:5      | Gained mutation: You are agile. (Dex +4, Str/Int -1)
                  | [potion of mutation]
  2950 | D:5      | Gained mutation: You are resistant to electric shocks.
                  | (rElec) [potion of mutation]
  2954 | D:5      | Killed Blork the orc
  2956 | D:5      | Noticed Dowan
  2980 | D:5      | Killed Duvessa
  3098 | D:5      | Reached XP level 8. HP: 57/67 MP: 12/12
  3115 | D:5      | Killed Dowan
  3132 | D:5      | Killed Ijyb
  3245 | D:5      | You fall into a shaft and drop 2 floors!
  3545 | D:7      | Reached XP level 9. HP: 64/73 MP: 14/14
  3572 | D:7      | Found a sparkling altar of Nemelex Xobeh.
  4266 | D:6      | Found a staircase to the Ecumenical Temple.
  4278 | Temple   | Entered the Ecumenical Temple
  4609 | Temple   | Became a worshipper of the Shining One
  4858 | D:6      | Reached skill level 5 in Invocations
  5515 | D:5      | Found a hazy altar of Hepliaklqana.
  5556 | D:5      | Found a radiant altar of Vehumet.
  5603 | D:5      | Found a white marble altar of Elyvilon.
  5603 | D:5      | Noticed Eustachio
  5614 | D:5      | Killed Eustachio
  5699 | D:5      | Found a blossoming altar of Fedhas.
  5841 | D:5      | Found a runed translucent door.
  5843 | D:5      | Noticed Prqq's ghost (novice MeFi)
  6237 | D:8      | Found Nemol's Assorted Antiques.
  6254 | D:8      | Bought an iridescent long sword for 153 gold pieces
  6254 | D:8      | Identified the +7 long sword "Veroanoy" {venom, rPois
                  | Str+5} (You bought it in a shop on level 8 of the Dungeon)
  6264 | D:8      | Found Eshelaj's General Store.
  6283 | D:8      | Bought a potion of heal wounds for 70 gold pieces
  6283 | D:8      | Bought a scroll of teleportation for 42 gold pieces
  6335 | D:8      | Found Fagur's Antique Weapon Shop.
  6561 | D:8      | Found Poaffyh's Weapon Emporium.
  6782 | D:8      | Found a sacrificial altar of Ru.
  7099 | D:9      | Noticed a kobold demonologist
  7100 | D:9      | Noticed Erolcha
  7100 | D:9      | Reached * piety under the Shining One
  7194 | D:9      | Reached skill level 5 in Short Blades
  7194 | D:9      | Reached skill level 5 in Long Blades
  7194 | D:9      | Reached skill level 5 in Maces & Flails
  7194 | D:9      | Reached skill level 5 in Polearms
  7194 | D:9      | Reached skill level 5 in Staves
  7194 | D:9      | Reached skill level 5 in Ranged Weapons
  7194 | D:9      | Reached skill level 5 in Throwing
  7194 | D:9      | Reached skill level 5 in Dodging
  7194 | D:9      | Reached skill level 5 in Stealth
  7194 | D:9      | Reached skill level 5 in Unarmed Combat
  7194 | D:9      | Reached skill level 5 in Spellcasting
  7194 | D:9      | Reached skill level 5 in Evocations
  7194 | D:9      | Reached XP level 10. HP: 81/81 MP: 17/17
  7219 | D:9      | Noticed a sixfirhy
  7231 | D:8      | Killed a kobold demonologist
  7500 | D:9      | Found a stormy altar of Qazlal.
  7968 | D:9      | Killed Erolcha
  8008 | D:9      | Found a staircase to the Lair.
  8079 | D:9      | Noticed Joseph
  8092 | D:9      | Killed Joseph
  8330 | Lair:1   | Entered Level 1 of the Lair of Beasts
  8373 | Lair:1   | Found a runed translucent gate.
  8373 | Lair:1   | Found a runed translucent gate.
  8373 | Lair:1   | Found a runed translucent gate.
  8373 | Lair:1   | Noticed a death yak
  8375 | Lair:1   | Noticed a minotaur
  8379 | Lair:1   | Noticed bosakos's ghost (journeyman DEFE)
  8394 | Lair:1   | Reached ** piety under the Shining One
  8395 | Lair:1   | Noticed a death yak
  8395 | Lair:1   | Noticed a death yak
  8435 | Lair:1   | Killed a death yak
  8436 | Lair:1   | Reached skill level 5 in Conjurations
  8436 | Lair:1   | Reached skill level 5 in Hexes
  8436 | Lair:1   | Reached skill level 5 in Summonings
  8436 | Lair:1   | Reached skill level 5 in Necromancy
  8436 | Lair:1   | Reached skill level 5 in Translocations
  8436 | Lair:1   | Reached skill level 5 in Transmutations
  8436 | Lair:1   | Reached skill level 5 in Fire Magic
  8436 | Lair:1   | Reached skill level 5 in Ice Magic
  8436 | Lair:1   | Reached skill level 5 in Air Magic
  8436 | Lair:1   | Reached skill level 5 in Earth Magic
  8436 | Lair:1   | Reached skill level 5 in Poison Magic
  8436 | Lair:1   | Reached XP level 11. HP: 67/89 MP: 18/20
  8770 | Lair:1   | Noticed a death yak
  8782 | Lair:1   | Noticed a death yak
  8903 | D:10     | Entered Level 10 of the Dungeon
  9669 | D:10     | Noticed Sonja
  9685 | D:10     | Killed Sonja
  9765 | D:10     | Noticed a two-headed ogre
  9772 | D:10     | Killed a two-headed ogre
  9954 | D:9      | Killed a death yak
 10030 | D:9      | Killed a death yak
 10034 | D:9      | Killed a death yak
 10507 | Lair:2   | Learned a level 1 spell: Apportation
 10518 | Lair:2   | Noticed an eight-headed hydra
 10533 | Lair:2   | Killed an eight-headed hydra
 10608 | Lair:2   | Reached XP level 12. HP: 70/97 MP: 22/22
 11037 | Lair:2   | Noticed Maggie
 11046 | Lair:2   | Killed Maggie
 11258 | Lair:2   | Noticed a five-headed hydra
 11403 | Lair:3   | Found a staircase to the Snake Pit.
 11539 | Lair:3   | Reached skill level 10 in Fighting
 11539 | Lair:3   | Reached skill level 10 in Armour
 11539 | Lair:3   | Reached skill level 10 in Shields
 11776 | Lair:2   | Killed a five-headed hydra
 12199 | Lair:2   | Reached *** piety under the Shining One
 12415 | Lair:2   | Noticed a death yak
 12442 | Lair:2   | Killed a death yak
 12509 | Lair:2   | Noticed a five-headed hydra
 12519 | Lair:2   | Killed a five-headed hydra
 12523 | Lair:2   | Noticed a five-headed hydra
 12538 | Lair:2   | Killed a five-headed hydra
 12678 | Lair:2   | Reached XP level 13. HP: 104/104 MP: 25/25
 13437 | Lair:3   | HP: 4/104 [eight-headed hydra (13)]
 13439 | Lair:3   | Mangled by an eight-headed hydra

Illustrated notes

Levels and vault maps discovered:
D:1:      dpeg_arrival_connections, layout_loops_ring
D:2:      layout_loops_ring, basic_altar, minmay_crystal_water, minmay_bisected,
          uniq_jessica
D:3:      layout_basic, nicolae_overflow_ecumenical_swirl, grunt_ministairs_13,
          uniq_crazy_yiuf_cottage
D:4:      layout_basic, palyth_stone_intersect
D:5:      layout_basic, mainiacjoe_overflow_boulevard, old_standard_altar,
          mainiacjoe_overflow_catch_the_wave, lemuel_doored_altar, serial_glass,
          glass_columns_b, glass_columns_a, glass_columns_b, glass_columns_b,
          glass_columns_b, glass_columns_a, glass_columns_b, glass_columns_a,
          ebering_ghost_inner_flame, portal_sewer_entry_e, uniq_eustachio,
          uniq_blork_the_orc, uniq_ijyb, uniq_duvessa
D:6:      layout_layer_cave, temple_green, serial_glass, glass_columns_b,
          glass_columns_a, glass_columns_c, glass_columns_a, minmay_holes,
          kennysheep_generic_room_8
D:7:      minmay_inner_zag, layout_rooms, kennysheep_little_box
D:8:      layout_basic, nicolae_ru_the_path_less_chosen, serial_shops, shop,
          nicolae_shop_trees, nicolae_stop_n_shop_1, shop
D:9:      layout_rooms, nicolae_qazlal_general_emergency,
          erik_lair_orcish_takeover, minivault_19, grunt_decor_resistance,
          uniq_erolcha, uniq_joseph
D:10:     layout_layer_cave, uniq_sonja
Temple:   nicolae_temple_figure_eight
Lair:1:   layout_misc_corridors, maelrawn_ghost_gauntlet_escape,
          pdpol_lair_neglected_garden
Lair:2:   nzn_winding_woodlands_huge [nzn_winding_woodlands_5x15_jagged,
          nzn_winding_woodlands_5x15_crooked,
          nzn_winding_woodlands_5x15_default, nzn_winding_woodlands_5x15_zeroes,
          nzn_winding_woodlands_5x15_concentric,
          nzn_winding_woodlands_5x15_pool, nzn_winding_woodlands_5x15_parted,
          nzn_winding_woodlands_5x15_twine,
          nzn_winding_woodlands_5x15_sidewinder,
          nzn_winding_woodlands_5x15_default,
          nzn_winding_woodlands_center_garden,
          nzn_winding_woodlands_center_triple_pond,
          nzn_winding_woodlands_15x15_killbox], layout_chaotic_city,
          serial_bayou_ford_a, dreamdust_gnoll_shepherd, uniq_maggie
Lair:3:   layout_regular_city, elwin_shoals_entry_rocks,
          minmay_snake_entry_guardpost_small, basic_altar,
          eino_house_with_fridge, serial_bayou_shore_a

Skill      XL: |  1  2  3  4  5  6  7  8  9 10 11 12 13 |
---------------+----------------------------------------+-----
Short Blades   | 1 2 3 5 6 7 8 |  8.3
Long Blades    | 1 2 3 5 6 7 8 |  8.3
Maces & Flails | 1 2 3 5 6 7 8 |  8.3
Polearms       | 1 2 3 5 6 7 8 |  8.3
Staves         | 1 2 3 5 6 7 8 |  8.3
Ranged Weapons | 1 2 3 5 6 7 8 |  8.3
Throwing       | 1 2 3 5 6 7 8 |  8.3
Dodging        | 1 2 3 5 6 7 8 |  8.3
Stealth        | 1 2 3 5 6 7 8 |  8.3
Unarmed Combat | 1 2 3 5 6 7 8 |  8.3
Spellcasting   | 1 2 3 5 6 7 8 |  8.3
Invocations    | 1 2 3 4 5 6 7 8 9 |  9.1
Evocations     | 1 2 3 5 6 7 8 |  8.3
Conjurations   | 1 2 3 4 5 6 |  6.9
Hexes          | 1 2 3 4 5 6 |  6.9
Summonings     | 1 2 3 4 5 6 |  6.9
Necromancy     | 1 2 3 4 5 6 |  6.9
Translocations | 1 2 3 4 5 6 |  6.9
Transmutations | 1 2 3 4 5 6 |  6.9
Fire Magic     | 1 2 3 4 5 6 |  6.9
Ice Magic      | 1 2 3 4 5 6 |  6.9
Air Magic      | 1 2 3 4 5 6 |  6.9
Earth Magic    | 1 2 3 4 5 6 |  6.9
Poison Magic   | 1 2 3 4 5 6 |  6.9
Axes           | 5 6 7 8 9 |  9.6
Fighting       | 7 8 9 10 | 10.6
Armour         | 7 8 9 10 | 10.6
Shields        | 7 8 9 10 | 10.6

Action                   |  1- 3 |  4- 6 |  7- 9 | 10-12 | 13-15 || total
-------------------------+-------+-------+-------+-------+-------++-------
Melee: War axe           |    61 |       |       |       |       ||    61
       Bite              |     7 |     4 |    39 |    84 |    13 ||   147
       Club              |    10 |    88 |   287 |    65 |    43 ||   493
       Long sword        |       |       |    17 |   384 |    25 ||   426
Invok: Divine Shield     |       |       |       |     4 |     1 ||     5
       Cleansing Flame   |       |       |       |       |     2 ||     2
 Abil: Evoke Blink       |       |       |     1 |     2 |     1 ||     4
  Use: Scroll            |     2 |       |     8 |    11 |       ||    21
       Potion            |       |       |     8 |     7 |     3 ||    18
 Stab: Distracted        |       |     1 |       |       |       ||     1
       Invisible         |       |       |     3 |       |       ||     3
       Paralysed         |       |       |     1 |       |       ||     1
Armor: Scale mail        |    18 |       |       |       |       ||    18
       Plate armour      |     9 |    32 |   229 |   284 |    82 ||   636
Dodge: Dodged            |    26 |    17 |   130 |   249 |    55 ||   477
       Repelled          |       |       |       |     3 |     2 ||     5
Block: Buckler           |    19 |    17 |   121 |   183 |    58 ||   398

Table legend: (Time is in decaauts)
 A = Elapsed time spent in this place.
 B = Non-inter-level travel time spent in this place.
 C = Inter-level travel time spent in this place.
 D = Time resting spent in this place.
 E = Time spent auto-exploring this place.
 F = Levels seen in this place.
 G = Mean time per level.
                   A        B        C        D        E       F      G
               +--------+--------+--------+--------+--------+-----+--------+
         Total |  13520 |  12784 |    736 |   2765 |   7493 |  14 |  965.7 |
       Dungeon |   9385 |   8717 |    668 |   1249 |   5783 |  10 |  938.5 |
        Temple |    347 |    313 |     34 |    100 |    206 |   1 |  347.0 |
          Lair |   3788 |   3754 |     34 |   1416 |   1503 |   3 | 1262.7 |
               +--------+--------+--------+--------+--------+-----+--------+

Top non-repeatable levels by time:
  Lair:2: 2336 daAuts
     D:9: 1385 daAuts
     D:6: 1189 daAuts
     D:8: 1105 daAuts
    D:10: 1005 daAuts
     D:2: 930 daAuts
     D:5: 864 daAuts
  Lair:1: 840 daAuts
     D:3: 777 daAuts
     D:7: 754 daAuts
     D:1: 704 daAuts
     D:4: 667 daAuts
  Lair:3: 611 daAuts
  Temple: 347 daAuts
